Get step-by-step instructions on how to execute this build order below. Start the game timer, and the build order will tick by so you can play in parallel with StarCraft on a second screen or mobile device.

Game Time

  0:00

Last Step

  N/A

Next Step

Upcoming Step



Don't want to look back and forth between 2 screens? Try out our Overwolf App, the Spawning Tool Build Advisor to get an in-game overlay with this build!

Complete Build Order

  12  0:00  Probe  
  13  0:12  Probe  
  14  0:16  Pylon  
  14  0:24  Probe (Chrono Boost)  
  16  0:36  Gateway, Probe (Chrono Boost)  
  16  0:43  Probe (Chrono Boost)  
  16  0:46  Assimilator  
  17  0:50  Probe  
  18  0:58  Assimilator  
  18  1:03  Probe (Chrono Boost)  
  19  1:07  Gateway  
  20  1:12  Probe (Chrono Boost)  
  20  1:17  Probe (Chrono Boost)  
  20  1:23  Cybernetics Core  
  21  1:29  Probe  
  22  1:35  Pylon  
  22  1:41  Probe  
  23  1:53  Probe  
  24  1:59  Adept  
  24  2:00  Warp Gate, Stalker  
  28  2:07  Pylon  
  28  2:17  Stargate  
  28  2:29  Stalker  
  29  2:52  Nexus  
  29  3:00  Pylon  
  29  3:03  Oracle (Chrono Boost)  
  28  3:09  Probe  
  32  3:17  Shield Battery  
  32  3:21  Probe  
  33  3:32  Oracle (Chrono Boost)  
  33  3:33  Probe  
  35  3:37  Pylon  
  35  3:45  Probe  
  36  3:49  Adept  
  38  3:55  Adept  
  38  3:57  Probe  
  41  4:06  Twilight Council  
  41  4:07  Probe  
  41  4:09  Probe  
  43  4:19  Stalker  
  45  4:25  Probe  
  45  4:26  Probe  
  46  4:38  Probe x2  
  48  4:42  Blink (Chrono Boost)  
  46  4:50  Probe x2 (Chrono Boost)  
  46  4:53  Stalker  
  46  4:55  Stalker  
  50  5:02  Probe x2 (Chrono Boost)  
  50  5:05  Pylon  
  52  5:11  Probe x2 (Chrono Boost)  
  54  5:22  Pylon  
  54  5:23  Probe x2  
  54  5:26  Stalker  
  54  5:27  Stalker  
  60  5:39  Gateway  
  60  5:41  Gateway  
  60  5:49  Nexus  
  60  5:51  Sentry  
  60  5:56  Stalker  
  60  5:57  Probe  
  65  5:58  Probe  
  65  6:01  Assimilator  
  65  6:02  Phoenix  
  66  6:08  Pylon  
  66  6:09  Probe  
  66  6:10  Probe  
  68  6:12  Pylon  
  68  6:15  Shield Battery  
  68  6:20  Forge  
  68  6:22  Probe x2 (Chrono Boost)  
  68  6:25  Shield Battery  
  64  6:34  Probe (Chrono Boost)  
  64  6:35  Charge, Probe (Chrono Boost)  
  66  6:43  Protoss Ground Weapons Level 1 (Chrono Boost), Probe (Chrono Boost)  
  66  6:44  Probe (Chrono Boost)  
  68  6:48  Probe (Chrono Boost)  
  68  6:49  Stalker x2, Probe  
  74  7:00  Probe  
  74  7:01  Probe  
  76  7:04  Stalker x2  
  76  7:05  Probe (Chrono Boost)  
  81  7:12  Robotics Facility  
  83  7:18  Probe (Chrono Boost)  
  83  7:19  Probe (Chrono Boost)  
  83  7:22  Probe (Chrono Boost)  
  84  7:26  Probe x3 (Chrono Boost)  
  87  7:31  Stalker x3  
  87  7:34  Pylon  
  91  7:37  Pylon  
  91  7:44  Probe  
  91  7:46  Nexus  
  91  7:50  Probe x2  
  94  8:02  Stalker x4  
  99  8:10  Observer (Chrono Boost)  
  100  8:13  Shield Battery  
  100  8:15  Photon Cannon  
  100  8:19  Gateway  
  100  8:22  Immortal (Chrono Boost)  
  100  8:24  Probe  
  100  8:25  Gateway, Probe  
  106  8:31  Stalker x2  
  106  8:32  Stalker  
  112  8:36  Assimilator  
  112  8:37  Probe x3  
  115  8:43  Stalker  
  117  8:48  Protoss Ground Weapons Level 2 (Chrono Boost)  
  117  8:49  Gateway  
  117  8:51  Gateway  
  117  8:54  Pylon  
  117  9:02  Immortal (Chrono Boost)  
  121  9:05  Probe  
  121  9:06  Probe x2  
  122  9:16  Zealot  
  122  9:17  Zealot x3  
  128  9:23  Templar Archives  
  128  9:25  Probe x4  
  132  9:34  Observer (Chrono Boost), Zealot  
  132  9:35  Gateway  
  132  9:37  Probe x4, Pylon  
  139  9:38  Observer  
  137  9:49  Pylon  
  137  9:51  Nexus, Pylon  
  137  9:52  Pylon  
  135  9:55  Observer  
  135  9:58  Pylon  
  136  10:00  Pylon  
  136  10:04  High Templar x2  
  136  10:06  Photon Cannon  
  138  10:11  Archon  
  134  10:15  Zealot x4  
  134  10:18  Probe x4  
  134  10:19  Gateway x2  
  146  10:25  Photon Cannon  
  146  10:26  Photon Cannon  
  146  10:27  Immortal (Chrono Boost)  
  146  10:28  Shield Battery  
  150  10:40  Stalker  
  150  10:41  Stalker x4  
  158  10:44  Zealot x2  
  158  10:50  Robotics Bay  
  158  10:56  Warp Prism (Chrono Boost)  
  148  11:10  Probe x5  
  148  11:11  Robotics Facility  
  153  11:12  Photon Cannon  
  153  11:14  Zealot x7  
  167  11:22  Zealot x3  
  167  11:24  Zealot  
  174  11:36  Zealot x4, Shield Battery  
  174  11:40  Zealot  
  174  11:41  Zealot x2  
  174  11:46  Observer (Chrono Boost)  
  171  11:56  Disruptor (Chrono Boost)  
  173  12:03  Disruptor (Chrono Boost)  
  173  12:06  Zealot  
  173  12:07  Zealot x4  
  175  12:09  Pylon  
  175  12:12  Pylon  
  175  12:13  Pylon  
  175  12:15  Pylon x2  
  175  12:21  Pylon  
  175  12:29  Pylon  
  179  12:30  Pylon  
  179  12:35  Zealot x3  
  179  12:36  Zealot x8  
  199  12:42  Nexus  
  177  12:54  Photon Cannon